 Seeded DCSS version 0.29-a0-22-gbf593b16ee (webtiles) character file.

Game seed: 10000000151 (custom seed)

46 knot the Skirmisher (level 3, 0/43 HPs)
             Began as a Demonspawn Berserker on Jan 30, 2022.
             Was a Follower of Trog.
             Succumbed to an orc's poison
             ... on level 2 of the Dungeon.
             The game lasted 00:01:10 (1951 turns).

knot the Skirmisher (Demonspawn Berserker)          Turns: 1951, Time: 00:01:10

Health: 0/43       AC:  2    Str: 17    XL:     3   Next: 44%
Magic:  3/3        EV: 12    Int: 10    God:    Trog [*.....]
Gold:   80         SH:  0    Dex: 12    Spells: 2/2 levels left

rFire   . . .      SeeInvis .   a - +0 hand axe
rCold   . . .      Faith    .   (no shield)
rNeg    . . .      Spirit   .   b - +0 animal skin
rPois   .          Reflect  .   (no helmet)
rElec   .          Harm     .   (no cloak)
rCorr   .          Rampage  .   (no gloves)
Will    .....                   (no boots)
Stlth   ..........              (no amulet)
HPRegen 0.14/turn               (no ring)
MPRegen 0.08/turn               (no ring)

@: berserking, lethally poisoned (0 -> -10), very quick
A: hooves 1
a: Renounce Religion, Berserk


You were on level 2 of the Dungeon.
You worshipped Trog.
Trog was aware of your devotion.
You visited 1 branch of the dungeon, and saw 2 of its levels.

You collected 80 gold pieces.

Inventory:

Hand Weapons
 a - a +0 hand axe (weapon)
Missiles
 c - 25 arrows
 l - 3 stones (quivered)
Armour
 b - a +0 animal skin (worn)
Jewellery
 g - a +4 ring of protection
Scrolls
 e - a scroll of fog {unknown}
 j - a scroll of identify {unknown}
Potions
 d - 2 potions of cancellation {unknown}
 f - a potion of mutation {unknown}
 h - a potion of magic {unknown}
 i - a potion of curing {unknown}
 k - a potion of brilliance {unknown}


   Skills:
 + Level 3.3 Fighting
 + Level 3.1 Axes
 + Level 2.3 Armour
 + Level 2.3 Dodging


You had 2 spell levels left.
You didn't know any spells.
Your spell library was empty.

Dungeon Overview and Level Annotations

Branches:
Dungeon (2/15)

Altars:


Innate Abilities, Weirdness & Mutations

You have large cloven feet.


Message History

Unknown command.
You hit the orc. Your kick misses the orc.
The orc is heavily wounded.
You hit the orc. You hit the hobgoblin. You hit the orc.
You kill the orc!
Trog accepts your kill.
You feel very sick. The orc completely misses you.
The orc hits you with a +0 falchion. The hobgoblin hits you.
You slash the orc!
You kill the orc!
Trog accepts your kill.
You barely miss the orc. You slash the hobgoblin!
You kill the hobgoblin!
Trog accepts your kill.
You miss the bat.
* * * LOW HITPOINT WARNING * * *
You feel sick. The bat hits you.
* * * LOW HITPOINT WARNING * * *
You barely miss the bat. You slash the kobold!
You kill the kobold!
Trog accepts your kill.
You closely miss the orc.
* * * LOW HITPOINT WARNING * * *
You feel very sick. The bat hits you but does no damage. The bat misses you.
The orc hits you with a +0 falchion.
* * * LOW HITPOINT WARNING * * *
You hit the orc.
You kill the orc!
Trog accepts your kill.
You closely miss the bat.
* * * LOW HITPOINT WARNING * * *
You feel sick. The bat hits you but does no damage.
The bat completely misses you.
You barely miss the orc. You kick the orc!
You kill the orc!
Trog accepts your kill.
You closely miss the ball python.
You die...

#.....# #... #.. #.....#
#... #.. #.....# #...
#... #.....# #...
#...#######.....# #####
##....>..........###....
...................'....
.....b)S....########....
###r.)@....# #....
.....B).....# #....
.#...:####### #####
#.##. # #


You could see a quokka, a giant cockroach, a bat and a ball python.

Vanquished Creatures
  4 orcs (D:2)
  3 endoplasms (D:1)
  A giant cockroach (D:1)
  4 goblins (D:1)
  7 hobgoblins
  3 quokkas (D:1)
  5 ball pythons (D:1)
  2 bats
  A frilled lizard (D:1)
  4 kobolds
  4 rats
  A spectral goblin (D:1)
39 creatures vanquished.

Notes
Turn   | Place    | Note
-------+----------+-------------------------------------------
     0 | D:1      | knot the Demonspawn Berserker began the quest for the Orb.
     0 | D:1      | Reached XP level 1. HP: 18/18 MP: 1/1
   118 | D:1      | Found a faded altar of an unknown god.
   470 | D:1      | Gained mutation: You have large cloven feet. [demonic
                  | ancestry]
   470 | D:1      | Reached XP level 2. HP: 24/24 MP: 2/2
  1661 | D:1      | Reached XP level 3. HP: 29/29 MP: 3/3
  1950 | D:2      | HP: 1/43 [poisoned by an orc]
  1951 | D:2      | Succumbed to an orc's poison

Illustrated notes

Levels and vault maps discovered:
D:1:      scummos_arrival_gate, layout_basic,
          dreamdust_ecumenical_altar_drowned_temple, minmay_misc_feat_hallway
D:2:      layout_basic, minivault_27, amethyst_killhole, uniq_crazy_yiuf_cottage

Skill      XL: |  1  2 |
---------------+-------+-----
Dodging        | 2 |  2.3
Armour         | 2 |  2.3
Axes           | 3 |  3.1
Fighting       | |  3.3

Action                   || total
-------------------------++-------
Melee: Hand axe          ||    79
       Kick              ||    11
       Punch             ||     1
Invok: Berserk           ||     2
 Stab: Sleeping          ||     2
Armor: Animal skin       ||    12
Dodge: Dodged            ||    32

Table legend: (Time is in decaauts)
 A = Elapsed time spent in this place.
 B = Non-inter-level travel time spent in this place.
 C = Inter-level travel time spent in this place.
 D = Time resting spent in this place.
 E = Time spent auto-exploring this place.
 F = Levels seen in this place.
 G = Mean time per level.
                   A        B        C        D        E       F      G
               +--------+--------+--------+--------+--------+-----+--------+
         Total |   1980 |   1925 |     55 |    335 |   1383 |   2 |  990.0 |
       Dungeon |   1980 |   1925 |     55 |    335 |   1383 |   2 |  990.0 |
               +--------+--------+--------+--------+--------+-----+--------+

Top non-repeatable levels by time:
     D:1: 1922 daAuts
     D:2: 57 daAuts
